 Dungeon Crawl Stone Soup version 0.19.4 (webtiles) character file.

129 Ragdoll the Skirmisher (level 4, -5/37 HPs)
             Began as a Mummy Chaos Knight on Feb 4, 2017.
             Slain by Menkaure (19 damage)
             ... on level 4 of the Dungeon.
             The game lasted 00:05:17 (1993 turns).

Ragdoll the Skirmisher (Mummy Chaos Knight)         Turns: 1993, Time: 00:05:17

Health: -5/37      AC:  8    Str: 16    XL:     4   Next: 88%
Magic:  4/4        EV: 11    Int: 11    God:    Xom [...*..]
Gold:   121        SH:  0    Dex: 11    Spells: 0 memorised, 3 levels left

rFire  x . .     SeeInvis .     a - +2 mace (drain)
rCold  + . .     Gourm    .     b - +2 leather armour
rNeg   + + +     Faith    .     (no shield)
rPois  ∞         Spirit   .     (no helmet)
rElec  .         Reflect  .     (no cloak)
rCorr  .         Harm     .     l - +2 pair of gloves
MR     .....                    (no boots)
Stlth  ++........               (no amulet)
                                m - ring of wizardry
                                c - ring of stealth

@: no status effects
A: no food or potions, fire vulnerability, cold resistance 1, negative energy
resistance 3, torment resistance, unbreathing
a: Renounce Religion


You were on level 4 of the Dungeon.
You worshipped Xom.
You were a favourite toy of Xom.
You were not hungry.

You visited 1 branch of the dungeon, and saw 4 of its levels.

You collected 121 gold pieces.

Inventory:

Hand Weapons
 a - a +2 mace of draining (weapon)
 d - a +0 mace of chaos
 o - a +0 spear
Missiles
 k - 16 poisoned needles
Armour
 b - a +2 leather armour (worn)
 l - a +2 pair of gloves (worn)
Jewellery
 c - a ring of stealth (left hand)
 j - an uncursed ring of positive energy
 m - a ring of wizardry (right hand)
Wands
 p - a wand of confusion (16/48)
Scrolls
 f - 2 scrolls of fog
 g - a scroll of fear
 h - a scroll of identify
 i - a scroll of teleportation {unknown}
 n - a scroll of remove curse {unknown}
 q - a scroll of blinking {unknown}


   Skills:
 + Level 4.0 Fighting
 * Level 3.7 Maces & Flails
 + Level 2.2 Armour
 - Level 0.7 Dodging
 + Level 0.0 Evocations


You had 3 spell levels left.
You didn't know any spells.

Dungeon Overview and Level Annotations

Branches:
Dungeon (3/15)

Altars:
Cheibriados

Annotations:
D:3 Sigmund
D:4 Agrougrou's ghost, amateur DECj; Menkaure


Innate Abilities, Weirdness & Mutations

You do not eat or drink.
Your flesh is vulnerable to fire.
You are immune to poison.
Your flesh is cold resistant. (rC+)
You are immune to negative energy. (rN+++)
You are immune to unholy pain and torment.
You can survive without breathing.


Message History

g - Guard the area. f - Follow me.
Anything else - Cancel.
Gang up on whom?
Press: ? - help, Dir - move target cursor, f - adder
Aim: an adder
Okay, then.
What are your orders? t - Shout!
Orders for allies: a - Attack new target. r - Retreat! s - Stop attacking. g - Guard the area. f - Follow me.
Anything else - Cancel.
Gang up on whom?
Press: ? - help, Dir - move target cursor, f - adder
Aim: an adder
Okay, then.
Agrougrou's ghost gestures at you while chanting.
The magic dart hits your ice dragon. Menkaure hits you!!
Ouch! That really hurt!
You die...

# ##. #.###..
.#.#.. ..#. #.'###
##....#
###..o#######
#...SM......#
#....M......#
#.......D...#######
#........W........#
#####.............#
#.............#
#........$....#
#.............#
#.............#
#......W......#


You could see Menkaure, an orc wizard (mute), Agrougrou's ghost, an adder and a
friendly ice dragon.

Vanquished Creatures
  Jessica (D:3)
  4 adders
  2 worms
  6 dart slugs
  2 leopard geckos (D:2)
  4 bats
  3 giant cockroaches (D:2)
  2 goblins
  6 hobgoblins
  4 jackals (D:2)
  A quokka (D:1)
  4 frilled lizards
  5 kobolds
  5 rats
49 creatures vanquished.

Notes
Turn   | Place    | Note
-------+----------+-------------------------------------------
     0 | D:1      | Ragdoll the Mummy Chaos Knight began the quest for the Orb.
     0 | D:1      | Reached XP level 1. HP: 18/18 MP: 1/1
   253 | D:1      | Reached XP level 2. HP: 24/24 MP: 2/2
   290 | D:1      | XOM is BORED!
   290 | D:1      | XOM: silly message
   308 | D:1      | XOM: harmless Ice miscast
   746 | D:2      | XOM: butterfly on damage
   836 | D:2      | Reached XP level 3. HP: 21/29 MP: 3/3
  1014 | D:2      | Found a snail-covered altar of Cheibriados.
  1080 | D:2      | XOM: noise
  1187 | D:2      | XOM: harmless Summ miscast
  1431 | D:2      | Reached XP level 4. HP: 37/37 MP: 4/4
  1470 | D:3      | Noticed Jessica
  1495 | D:3      | Killed Jessica
  1533 | D:3      | XOM: 1-stop teleportation journey
  1606 | D:3      | Reached skill level 4 in Fighting
  1722 | D:3      | XOM: god gift: spear {god gift}
  1739 | D:3      | XOM: 1-stop teleportation journey
  1806 | D:3      | Noticed Sigmund
  1861 | D:3      | You fall through a shaft!
  1978 | D:4      | Noticed Agrougrou's ghost (amateur DECj)
  1979 | D:4      | Noticed Menkaure
  1987 | D:4      | XOM: cast spell 'Summon Dragon'
  1993 | D:4      | Slain by Menkaure

Skill      XL: |  1  2  3  4 |
---------------+-------------+-----
Maces & Flails | 3 |  3.7
Armour         | 2 |  2.2
Fighting       | 4 |  4.0
Dodging        | |  0.7

Action                   |  1- 3 |  4- 6 || total
-------------------------+-------+-------++-------
Melee: Mace              |    99 |    64 ||   163
Evoke: Wand              |       |     4 ||     4
  Use: Scroll            |       |     4 ||     4
 Stab: Sleeping          |     4 |     2 ||     6
Armor: Leather armour    |    41 |    27 ||    68
Dodge: Dodged            |    53 |    44 ||    97
